 Dungeon Crawl Stone Soup version 0.29-a0-231-g945431f764 (webtiles) character file.

Game seed: 16344170016411062467

42 n8rtot the Chopper (level 3, -9/29 HPs)
             Began as a Human Berserker on Feb 28, 2022.
             Was a Believer of Trog.
             Mangled by Crazy Yiuf
             ... wielding a +3 quarterstaff of chaos
              (14 damage)
             ... on level 2 of the Dungeon.
             The game lasted 00:07:39 (1108 turns).

n8rtot the Chopper (Human Berserker)                Turns: 1108, Time: 00:07:39

Health: -9/29      AC:  5    Str: 19    XL:     3   Next: 77%
Magic:  3/3        EV: 11    Int:  7    God:    Trog [**....]
Gold:   23         SH:  0    Dex: 12    Spells: 2/2 levels left

rFire   . . .      SeeInvis .   a - +0 hand axe
rCold   . . .      Faith    .   (no shield)
rNeg    . . .      Spirit   .   g - +0 ring mail
rPois   .          Reflect  .   (no helmet)
rElec   .          Harm     .   (no cloak)
rCorr   .          Rampage  .   (no gloves)
Will    .....                   (no boots)
Stlth   +.........              (no amulet)
HPRegen 0.09/turn               (no ring)
MPRegen 0.08/turn               (no ring)

@: hasted, very quick
A: no striking features
a: Renounce Religion, Berserk, Trog's Hand


You were on level 2 of the Dungeon.
You worshipped Trog.
Trog was pleased with you.
You visited 1 branch of the dungeon, and saw 2 of its levels.

You collected 23 gold pieces.

Inventory:

Hand Weapons
 a - a +0 hand axe (weapon)
 c - a +0 whip
Missiles
 h - 25 stones (quivered)
Armour
 b - a +0 animal skin
 g - a +0 ring mail (worn)
Jewellery
 k - an amulet of regeneration
Scrolls
 i - a scroll of silence {unknown}
 j - a scroll of fog {unknown}
 l - a scroll of identify {unknown}
 m - a scroll of teleportation {unknown}
Potions
 d - 2 potions of flight {unknown}
 e - a potion of attraction {unknown}
 f - a potion of brilliance {unknown}


   Skills:
 + Level 3.5 Fighting
 + Level 3.6 Axes
 + Level 2.2 Armour
 + Level 2.2 Dodging


You had 2 spell levels left.
You didn't know any spells.
Your spell library was empty.

Dungeon Overview and Level Annotations

Branches:
Dungeon (2/15)

Altars:

Shops:
D:1 (

Annotations:
D:2 Crazy Yiuf


Message History

The kobold is moderately wounded.
The kobold hits you with a +0 club.
You hit the kobold.
The kobold is severely wounded.
The kobold hits you with a +0 club.
You hit the kobold but do no damage.
The kobold is severely wounded.
The kobold hits you but does no damage.
You hit the kobold.
You kill the kobold!
Trog accepts your kill.
l - a scroll labelled DIUNAF JAOZA
Things that are here:
a +0 club; a kobold corpse
Found a scroll labelled SEACUE PUASEG.
m - a scroll labelled SEACUE PUASEG
Items here: ) รทรทรท.
There is a stone staircase leading down, spattered with blood here.
You climb downwards.
There is a stone staircase leading up here.
There is a stone staircase leading up here.
Found a stone staircase leading up.
Found a mace.
Found a runed translucent door.
Crazy Yiuf shouts!
You open the door. You closely miss Crazy Yiuf.
Crazy Yiuf hits you with a +3 quarterstaff of chaos.
You hit Crazy Yiuf.
Crazy Yiuf is lightly wounded.
Crazy Yiuf hits you with a +3 quarterstaff of chaos!
You feel yourself speed up.
You hit Crazy Yiuf but do no damage.
Crazy Yiuf is lightly wounded.
Crazy Yiuf barely misses you.
You hit Crazy Yiuf but do no damage.
Crazy Yiuf is lightly wounded.
Crazy Yiuf hits you with a +3 quarterstaff of chaos!
* * * LOW HITPOINT WARNING * * *
You are electrocuted!
You die...

### ######
#)..### ##....##
#...g@####......#
#...##..#.......#
### ###.#....#.#
########.######
#......# #.####.#
#.# #.# #.# #.#
##.## #.# #.#


You could see Crazy Yiuf.

Vanquished Creatures
  A dart slug (D:1)
  3 bats
  2 endoplasms
  2 giant cockroaches (D:1)
  6 hobgoblins (D:1)
  7 jackals (D:1)
  A ball python (D:1)
  3 frilled lizards (D:1)
  7 kobolds
  2 rats
34 creatures vanquished.

Vanquished Creatures (others)
  3 fungi (D:1)
  6 plants (D:1)
9 creatures vanquished.

Grand Total: 43 creatures vanquished

Notes
Turn   | Place    | Note
-------+----------+-------------------------------------------
     0 | D:1      | n8rtot the Human Berserker began the quest for the Orb.
     0 | D:1      | Reached XP level 1. HP: 18/18 MP: 1/1
   142 | D:1      | Reached XP level 2. HP: 18/24 MP: 2/2
   152 | D:1      | Found a faded altar of an unknown god.
   700 | D:1      | You fall into a shaft and drop 1 floor!
   775 | D:2      | Reached XP level 3. HP: 22/29 MP: 3/3
   796 | D:1      | Found Byeclat's Weapon Emporium.
   815 | D:1      | Reached ** piety under Trog
  1100 | D:2      | Found a runed translucent door.
  1101 | D:2      | Noticed Crazy Yiuf
  1108 | D:2      | Mangled by Crazy Yiuf

Illustrated notes

Levels and vault maps discovered:
D:1:      lightli_arrival_maybe_door_vault, layout_loops_ring, serial_shops,
          nicolae_shop_temple_entry_statues_fountains,
          dreamdust_ecumenical_altar_grove
D:2:      layout_loops_cross, basic_altar, minmay_ruptured,
          uniq_crazy_yiuf_cottage

Action                   || total
-------------------------++-------
Melee: Hand axe          ||   107
       Punch             ||     2
Armor: Animal skin       ||    13
       Ring mail         ||    24
Dodge: Dodged            ||    70

Table legend: (Time is in decaauts)
 A = Elapsed time spent in this place.
 B = Non-inter-level travel time spent in this place.
 C = Inter-level travel time spent in this place.
 D = Time resting spent in this place.
 E = Time spent auto-exploring this place.
 F = Levels seen in this place.
 G = Mean time per level.
                   A        B        C        D        E       F      G
               +--------+--------+--------+--------+--------+-----+--------+
         Total |   1121 |   1121 |      0 |    316 |      0 |   2 |  560.5 |
       Dungeon |   1121 |   1121 |      0 |    316 |      0 |   2 |  560.5 |
               +--------+--------+--------+--------+--------+-----+--------+

Top non-repeatable levels by time:
     D:1: 959 daAuts
     D:2: 162 daAuts
